 Dungeon Crawl Stone Soup version 0.29.1-1-gd02db6906a (webtiles) character file.

Game seed: 750388956822795693

967 112233 the Geomancer (level 8, -9/50 HPs)
             Began as an Octopode Earth Elementalist on Oct 7, 2022.
             Was an Initiate of Gozag.
             Mangled by a wraith (15 damage)
             ... on level 5 of the Dungeon on Oct 10, 2022.
             The game lasted 00:08:02 (5680 turns).

112233 the Geomancer (Octopode Earth Elementalist)  Turns: 5680, Time: 00:08:03

Health: -9/50      AC:  1    Str:  7    XL:     8   Next: 15%
Magic:  0/12       EV: 13    Int: 20    God:    Gozag
Gold:   240        SH:  0    Dex: 12    Spells: 6/12 levels left

rFire   . . .      SeeInvis .   b - +1 whip (elec)
rCold   . . .      Faith    .   (no shield)
rNeg    . . .      Spirit   .   (helmet restricted)
rPois   .          Reflect  .   (no amulet)
rElec   .          Harm     .   (no ring)
rCorr   .          Rampage  .   (no ring)
Will    .....                   (no ring)
Stlth   +++.......              (no ring)
HPRegen 0.16/turn               (no ring)
MPRegen 0.13/turn               (no ring)
                                (no ring)
                                (no ring)

@: mighty, attractive, flying, slowed, very slow
A: almost no armour, amphibious, 8 rings, camouflage 1, gelatinous body 1,
(nimble swimmer 1), tentacles
a: Renounce Religion, Potion Petition, Call Merchant, Bribe Branch


You were on level 5 of the Dungeon.
You worshipped Gozag.
Gozag was aware of your devotion.
You visited 2 branches of the dungeon, and saw 6 of its levels.

You collected 426 gold pieces.
You spent 130 gold pieces at shops.
You paid 56 gold pieces to Gozag.

Inventory:

Hand Weapons
 b - a +1 whip of electrocution (weapon)
 o - a +2 dagger of electrocution
 s - a +0 quarterstaff
Missiles
 a - a throwing net
 g - 4 javelins
Wands
 u - a wand of flame (27)
Scrolls
 c - 4 scrolls of teleportation
 h - 2 scrolls of poison {unknown}
 j - 4 scrolls of identify {unknown}
 k - a scroll of fear {unknown}
 m - a scroll of summoning {unknown}
 p - a scroll of noise {unknown}
 r - 2 scrolls of blinking {unknown}
 t - a scroll of immolation
Potions
 d - a potion of ambrosia
 e - a potion of attraction
 f - 2 potions of flight
 l - a potion of degeneration {unknown}
 n - a potion of curing {unknown}
 q - a potion of berserk rage {unknown}


   Skills:
 + Level 1.8 Fighting
 + Level 2.7 Dodging
 - Level 2.6 Stealth
 + Level 2.7 Spellcasting
 + Level 1.7 Conjurations
 - Level 1.0 Transmutations
 + Level 8.6 Earth Magic


You had 6 spell levels left.
You knew the following spells:

 Your Spells              Type           Power      Damage    Failure   Level
a - Sandblast             Erth           74%        2d16      1%          1
b - Stone Arrow           Conj/Erth      46%        3d9       5%          3
c - Passwall              Tmut/Erth      18%        N/A       3%          2

Your spell library contained the following spells:

 Spells                   Type           Power      Damage    Failure   Level
 Petrify                  Tmut/Erth      22%        N/A       21%         4


Dungeon Overview and Level Annotations

Branches:
Dungeon (5/15)             Temple (1/1) D:5

Altars:
Ashenzari
Cheibriados
Fedhas
Gozag
Hepliaklqana
Kikubaaqudgha
Makhleb
Okawaru
Qazlal
Ru
Sif Muna
Uskayaw
Vehumet
Xom
Yredelemnul
Zin
The Shining One

Shops:
D:2 (   D:5 *

Annotations:
D:2 Natasha
Temple 2 transporters


Innate Abilities, Weirdness & Mutations

You cannot wear most types of armour.
You are amphibious.
You can wear up to eight rings at the same time.
Your skin changes colour to match your surroundings (Stealth+).
Your rubbery body absorbs attacks. (AC +1, EV +1)
((You are camouflaged when in or above water. (Stealth+)))
You have tentacles for arms and can constrict up to eight enemies at once.


Message History

The wraith hits you!
Casting: Sandblast (safe; 1% risk of failure)
Confirm with . or Enter, or press ? or * to list all spells.
Aiming: Sandblast (safe; 1% risk of failure)
Press: ? - help, Shift-Dir - straight line, f/p - wraith
Aim: a wraith (lightly damaged, 84% to hit)
The blast of sand hits the wraith!
The wraith is moderately damaged.
The wraith misses you. The wraith closely misses you.
Unknown command.
It was a potion of attraction.
You feel attractive to monsters. The wraith closely misses you.
Unknown command.
You hit the wraith. Lightning courses through the wraith!
The wraith is severely damaged.
The wraith hits you!
It was a potion of flight.
You feel very buoyant.
You fly up into the air.
The wraith hits you.
Unknown command.
It was a potion of might.
You feel very mighty all of a sudden. The wraith hits you!
Unknown command.
Casting: Sandblast (safe; 1% risk of failure)
Confirm with . or Enter, or press ? or * to list all spells.
Aiming: Sandblast (safe; 1% risk of failure)
Press: ? - help, Shift-Dir - straight line, f/p - wraith
Aim: a wraith (severely damaged, 84% to hit)
The blast of sand hits the wraith but does no damage.
The wraith is severely damaged.
The wraith hits you!
* * * LOW HITPOINT WARNING * * *
The wraith drains your vigour!
You feel yourself slow down.
You hit the wraith but do no damage. Your squeeze misses the wraith.
The wraith is severely damaged.
The wraith hits you!
You die...
Your body crumbles into a pile of gold.

##..#.#########.# #.# ...#.## #.#
####.#### ##.### #.# #.......#
##'## #.# #.##.##.# #...## #.#
#.##.##.# .....## ####.#####
##.##.##.## ......## ##........#
#.....>..##
.......####...#.###.###.....##.#.
.......'........@)$$...........'.
.......####...##W##.###........#.
......## ##.###.##.# #.##.#.#.##
...).## #.###.##.# #........##
#...## #........# ######.###
##'## ##.##.##.# #.# #.#
#....##.# #.# #.# #..####.# #.#
##.##### #..####.#


You could see a wraith.

Vanquished Creatures
  An ice beast (D:5)
  An ogre (D:5)
  A necrophage (D:4)
  A bullfrog (D:4)
  A scorpion (D:4)
  A jelly (D:5)
  A gnoll bouda (D:5)
  5 hounds
  Jessica (D:2)
  Terence (D:3)
  2 iguanas (D:5)
  2 orc wizards
  Natasha (twice) (D:2)
  5 gnolls (D:5)
  An adder (D:5)
  A white imp (D:5)
  A worm (D:2)
  5 dart slugs
  19 orcs
  3 ball pythons
  8 endoplasms
  4 giant cockroaches
  8 goblins
  5 hobgoblins
  4 jackals (D:1)
  2 quokkas
  2 bats
  3 frilled lizards (D:1)
  4 kobolds
  8 rats
103 creatures vanquished.

Vanquished Creatures (others)
  A plant (D:1)
1 creature vanquished.

Grand Total: 104 creatures vanquished

Notes
Turn   | Place    | Note
-------+----------+-------------------------------------------
     0 | D:1      | 112233 the Octopode Earth Elementalist began the quest for
                  | the Orb.
     0 | D:1      | Reached XP level 1. HP: 11/11 MP: 3/3
   115 | D:1      | Reached XP level 2. HP: 16/17 MP: 0/5
   496 | D:1      | Found a faded altar of an unknown god.
   517 | D:1      | Reached skill level 4 in Earth Magic
   682 | D:1      | Reached XP level 3. HP: 21/21 MP: 4/6
   918 | D:2      | Noticed Natasha
   922 | D:2      | Killed Natasha
  1009 | D:2      | Reached XP level 4. HP: 27/27 MP: 5/7
  1312 | D:2      | Found Fafac's Antique Weapon Shoppe.
  1392 | D:2      | Noticed Jessica
  1398 | D:2      | Killed Jessica
  1399 | D:2      | Reached skill level 5 in Earth Magic
  1408 | D:2      | Noticed Natasha
  1413 | D:2      | Killed Natasha
  1414 | D:2      | Reached XP level 5. HP: 27/31 MP: 2/8
  1498 | D:2      | Noticed Natasha
  2031 | D:3      | Reached skill level 6 in Earth Magic
  2137 | D:3      | Noticed Terence
  2150 | D:3      | Killed Terence
  2584 | D:4      | Reached XP level 6. HP: 11/36 MP: 4/9
  3129 | D:4      | Reached skill level 7 in Earth Magic
  3509 | D:5      | Entered Level 5 of the Dungeon
  3587 | D:5      | Reached XP level 7. HP: 40/41 MP: 7/10
  3622 | D:5      | Found a staircase to the Ecumenical Temple.
  3651 | Temple   | Entered the Ecumenical Temple
  3651 | Temple   | Found a transporter.
  3651 | Temple   | Found a transporter.
  3653 | Temple   | Found a transporter.
  3653 | Temple   | Found a transporter.
  3661 | Temple   | Learned a level 3 spell: Stone Arrow
  3664 | Temple   | Learned a level 2 spell: Passwall
  3676 | Temple   | Became a worshipper of Gozag Ym Sagoz the Greedy
  3857 | D:5      | Reached skill level 8 in Earth Magic
  4499 | D:5      | Found Ligoh's General Store.
  4518 | D:5      | Bought a scroll of teleportation for 39 gold pieces
  4518 | D:5      | Bought a scroll of teleportation for 39 gold pieces
  4518 | D:5      | Bought a scroll of immolation for 52 gold pieces
  4832 | D:5      | Reached skill level 1 in Fighting
  4832 | D:5      | Reached skill level 1 in Conjurations
  4861 | D:5      | Noticed a wraith
  4873 | D:5      | Reached XP level 8. HP: 42/48 MP: 0/11
  5680 | D:5      | Mangled by a wraith

Illustrated notes

Levels and vault maps discovered:
D:1:      lemuel_arrival_river_ford, layout_basic,
          shapermc_ecumenical_altar_mp_urbaneastern
D:2:      layout_rooms, serial_shops, shop, uniq_natasha, uniq_jessica
D:3:      layout_basic, nrook_loot_triangle, uniq_terence
D:4:      layout_basic
D:5:      layout_loops_corners, temple_doors_e,
          nicolae_ossuary_entry_false_entrances, serial_shops, shop,
          grunt_ministairs_6, grunt_decor_cap
Temple:   hellmonk_temple_divided_pantheon

Skill      XL: |  1  2  3  4  5  6  7 |
---------------+----------------------+-----
Earth Magic    | 4 5 6 7 8 |  8.6
Fighting       | 1 |  1.8
Conjurations   | 1 |  1.7
Dodging        | |  2.7
Stealth        | |  2.6
Spellcasting   | |  2.7
Transmutations | |  1.0

Action                   |  1- 3 |  4- 6 |  7- 9 || total
-------------------------+-------+-------+-------++-------
Melee: Whip              |     1 |     8 |     7 ||    16
       Constrict         |       |     3 |     1 ||     4
       Tentacles         |       |     1 |     2 ||     3
 Cast: Sandblast         |    36 |    66 |    38 ||   140
       Stone Arrow       |       |       |    22 ||    22
  Use: Potion            |       |     1 |     5 ||     6
       Scroll            |       |       |     1 ||     1
 Stab: Sleeping          |       |     1 |       ||     1
Armor: Skin              |     1 |     1 |     1 ||     3
Dodge: Dodged            |     7 |    35 |    24 ||    66
